AoeStats
← fat_dgk

Arabia

509803197Analyzed
4v4 RM · 3d ago on Sep 28, 2026· 38m 10s· 8 players
Game mode
Random Map
Map size
Large (8 player)
Population
200
Speed
Normal
Resources
Standard
Victory
Conquest
Starting age
Dark Age
Ending age
Imperial Age
RankedLock teamsTeams togetherTeam positionsShared explorationLock speedFull tech treeHidden civsTurbo modeCheats
Victory
Defeat
🇨🇱 Gurjaras · Chile
1178
+13
🇦🇷 Koreans · Argentina
1150
+14
🇦🇺 Britons · Australia
1092
+17
🇨🇴 Vikings · Colombia
1057
+17
🇳🇮 Cumans · Nicaragua
1155
-17
🇲🇽 Saracens · Mexico
1118
-16
🇳🇮 Sicilians · Nicaragua
1084
-14
🇲🇽 Maya · Mexico
1069
-14
OM | SOMBRASV1
3:51 Loom
12:13 Feudal Age
16:45 Castle Age
15:31 Double-Bit Axe
16:36 Horse Collar
19:39 Fervor
20:43 Wheelbarrow
21:41 Gold Mining
26:21 Hand Cart
26:22 Bow Saw
29:05 Bloodlines
32:43 Imperial Age
30:26 Forging
33:28 Iron Casting
32:54 Scale Mail Armor
33:33 Heavy Camel Rider
37:08 Chain Mail Armor
36:59 Scale Barding Armor
G1200Micras
0:25 Loom
10:03 Feudal Age
13:20 Double-Bit Axe
15:38 Horse Collar
19:02 Fletching
21:02 Padded Archer Armor
27:14 Castle Age
25:36 Gold Mining
26:33 Wheelbarrow
27:23 Crossbowman
28:00 Bodkin Arrow
29:40 Thumb Ring
30:26 Ballistics
31:29 Leather Archer Armor
32:19 Hand Cart
Naxzh Foster
8:21 Loom
10:24 Feudal Age
13:26 Double-Bit Axe
14:17 Horse Collar
24:03 Castle Age
22:17 Gold Mining
23:06 Wheelbarrow
22:59 Fletching
24:16 Scale Barding Armor
25:23 Bloodlines
26:07 Chain Barding Armor
25:49 Pikeman
27:37 Squires
27:49 Forging
28:29 Hand Cart
29:00 Scale Mail Armor
29:43 Heavy Plow
31:07 Gold Shaft Mining
32:12 Town Watch
34:19 Iron Casting
33:51 Town Patrol
36:25 Ballistics
37:04 Chain Mail Armor
39:23 Imperial Age
36:55 Stone Mining
El tío Furcio!
3:58 Loom
11:21 Feudal Age
20:01 Double-Bit Axe
19:58 Horse Collar
21:41 Scale Mail Armor
21:52 Forging
26:15 Castle Age
25:23 Wheelbarrow
26:25 Gold Mining
26:27 Stone Mining
28:54 Pikeman
33:10 Fletching
Laundres
10:56 Feudal Age
9:52 Loom
12:30 Loom
15:21 Castle Age
16:50 Double-Bit Axe
22:14 Bow Saw
21:49 Horse Collar
25:13 Gold Mining
25:39 Scale Mail Armor
25:49 Forging
26:58 Chain Mail Armor
28:32 Iron Casting
29:44 Heavy Plow
29:55 Bow Saw
30:28 Gold Shaft Mining
fat_dgk
5:56 Loom
8:11 Feudal Age
8:58 Double-Bit Axe
16:45 Wheelbarrow
16:05 Horse Collar
20:27 Castle Age
19:13 Forging
19:55 Bloodlines
19:52 Scale Barding Armor
21:38 Husbandry
23:10 Chain Barding Armor
32:21 Light Cavalry
38:32 Imperial Age
37:46 Iron Casting
ueatallmapercs
10:19 Feudal Age
10:27 Loom
15:56 Horse Collar
16:03 Double-Bit Axe
21:35 Castle Age
20:34 Fletching
23:04 Crossbowman
24:32 Bow Saw
24:23 Heavy Plow
27:10 Wheelbarrow
28:52 Ballistics
35:33 Imperial Age
33:18 Bodkin Arrow
34:42 Yeomen
34:50 Gold Mining
35:39 Arbalester
36:21 Bracer
36:22 Padded Archer Armor
37:27 Chemistry
38:17 Gold Shaft Mining
38:58 Leather Archer Armor
Nitsuga
6:43 Loom
9:14 Feudal Age
10:32 Double-Bit Axe
16:02 Town Watch
16:48 Fletching
22:20 Castle Age
21:58 Horse Collar
22:09 Gold Mining
23:15 Bodkin Arrow
22:53 Crossbowman
24:36 Elite Skirmisher
25:52 Bow Saw
28:57 Ballistics
29:54 Scale Mail Armor
30:05 Thumb Ring
31:48 Chain Mail Armor
32:21 Wheelbarrow
31:42 Stone Mining
37:19 Heavy Plow
37:56 Gold Shaft Mining
Connection lost

Rejoining the realm…

Still unreachable

The connection could not be restored.

Session expired

The server has moved on; the page needs a fresh start.